 Dungeon Crawl Stone Soup version 0.23.2-1-ga50397a6bc (console) character file.

Game seed: 8031952181283327184

224 Dragon00 the Chopper (level 5, -1/47 HPs)
             Began as a Minotaur Berserker on May 9, 2019.
             Was a Believer of Trog.
             Slain by an ogre
             ... wielding a +0 giant club
              (14 damage)
             ... on level 4 of the Dungeon.
             The game lasted 00:32:35 (3016 turns).

Dragon00 the Chopper (Minotaur Berserker)           Turns: 3016, Time: 00:32:36

Health: -1/47      AC: 13    Str: 22    XL:     5   Next: 67%
Magic:  4/4        EV: 12    Int:  4    God:    Trog [**....]
Gold:   240        SH:  0    Dex: 10    Spells: 4/4 levels left

rFire    . . .     SeeInvis +   a - +1 hand axe
rCold    . . .     Gourm    .   (no shield)
rNeg     . . .     Faith    .   g - +1 plate armour
rPois    .         Spirit   .   (helmet restricted)
rElec    .         Reflect  .   (no cloak)
rCorr    .         Harm     .   (no gloves)
MR       .....                  i - +0 pair of boots
Stlth    ..........             (no amulet)
HPRegen  0.15/turn              e - +5 ring of evasion
MPRegen  0.09/turn              b - ring of see invisible

@: no status effects
A: retaliatory headbutt, horns 2
a: Berserk, Trog's Hand, Renounce Religion


You were on level 4 of the Dungeon.
You worshipped Trog.
Trog was pleased with you.
You were not hungry.

You visited 1 branch of the dungeon, and saw 4 of its levels.

You collected 240 gold pieces.

Inventory:

Hand Weapons
 a - a +1 hand axe (weapon)
Missiles
 f - 8 tomahawks (quivered)
Armour
 g - a +1 plate armour (worn)
 i - a +0 pair of boots (worn)
Jewellery
 b - a ring of see invisible (right hand)
 e - a +5 ring of evasion (left hand)
Scrolls
 h - 2 scrolls of blinking
 j - 3 scrolls of identify
Potions
 d - 2 potions of might
 l - a potion of heal wounds
Comestibles
 c - 5 rations
 k - a chunk of flesh


   Skills:
 + Level 4.7 Fighting
 * Level 5.6 Axes
 + Level 3.9 Armour
 + Level 3.5 Dodging


You had 4 spell levels left.
You didn't know any spells.
Your spell library was empty.

Dungeon Overview and Level Annotations

Branches:
Dungeon (4/15)             Temple (0/1) D:4

Altars:
Fedhas


Innate Abilities, Weirdness & Mutations

You reflexively headbutt those who attack you in melee.
You have a pair of horns on your head.


Message History

The leopard gecko skeleton barely misses you.
You barely miss the leopard gecko skeleton.
The leopard gecko skeleton is lightly damaged.
The leopard gecko skeleton barely misses you.
Your plate armour prevents you from hitting the leopard gecko skeleton.
The leopard gecko skeleton is lightly damaged.
The leopard gecko skeleton bites you but does no damage.
You hit the leopard gecko skeleton.
You destroy the leopard gecko skeleton!
Trog accepts your kill.
You hit the ogre. Your headbutt misses the ogre.
The ogre is severely wounded.
The ogre hits you but does no damage.
You hit the ogre.
The ogre is severely wounded.
The ogre barely misses you.
You barely miss the ogre. You headbutt the ogre.
The ogre is almost dead.
The ogre hits you with a +0 giant club!
You die...

#.8#8.....>.# #..#
#.#[#.......# #..#
#.8#8.......# #..#
#####...........###..#
#...................##
#.#####..##.........#
#.# ##.≈≈≈≈...≈≈≈≈###
#.######.≈##≈≈..≈##≈≈..
#.≈≈≈≈###≈≈##≈≈≈≈≈##≈≈≈
#.≈##≈≈≈≈≈≈≈###########
#.≈≈## ######
#..≈≈###.#.#.#.
##..≈'@Ow.≈...#
##≈≈###.#.#.#. #≈≈## ##
#≈## #≈ ##


You could see an ogre and a worm.

Vanquished Creatures
  Blork the orc (D:4)
  A water moccasin skeleton (D:4)
  4 adders
  An ooze (D:4)
  An orc (D:3)
  2 ball pythons
  7 bats
  A giant cockroach (D:1)
  7 hobgoblins
  10 jackals
  7 kobolds
  A frilled lizard (D:1)
  8 goblins
  A leopard gecko skeleton (D:4)
  8 rats
60 creatures vanquished.

Notes
Turn   | Place    | Note
-------+----------+-------------------------------------------
     0 | D:1      | Dragon00 the Minotaur Berserker began the quest for the
                  | Orb.
     0 | D:1      | Reached XP level 1. HP: 19/19 MP: 0/0
   289 | D:1      | Reached XP level 2. HP: 27/27 MP: 1/1
   460 | D:1      | Reached skill level 4 in Axes
   713 | D:1      | Reached ** piety under Trog
   713 | D:1      | Reached XP level 3. HP: 33/33 MP: 2/2
  1893 | D:3      | Reached XP level 4. HP: 36/40 MP: 3/3
  2448 | D:3      | Found a blossoming altar of Fedhas.
  2837 | D:4      | Noticed Blork the orc
  2864 | D:4      | Killed Blork the orc
  2864 | D:4      | Reached skill level 5 in Axes
  2864 | D:4      | Reached XP level 5. HP: 40/47 MP: 4/4
  2887 | D:4      | Found a staircase to the Ecumenical Temple.
  3002 | D:4      | Noticed an ogre
  3016 | D:4      | Slain by an ogre

Skill      XL: |  1  2  3  4 |
---------------+-------------+-----
Axes           | 4 5 |  5.6
Fighting       | 4 |  4.7
Armour         | 3 |  3.9
Dodging        | 3 |  3.5

Action                   |  1- 3 |  4- 6 || total
-------------------------+-------+-------++-------
Melee: Hand axe          |   119 |    49 ||   168
       Headbutt          |    10 |     7 ||    17
  Use: Scroll            |     4 |     4 ||     8
       Potion            |     2 |     2 ||     4
  Eat: Chunk             |     3 |     4 ||     7
Armor: Scale mail        |    31 |       ||    31
       Plate armour      |    10 |    23 ||    33
Dodge: Dodged            |    75 |    31 ||   106
